 Dungeon Crawl Stone Soup version 0.27.1-33-g824d729ab1 (webtiles) character file.

Game seed: 6227309008254172532

113 zeram the Magician (level 4, -5/20 (21) HPs)
             Began as a Spriggan Fire Elementalist on Dec 2, 2021.
             Slain by a wight (6 damage)
             ... on level 3 of the Dungeon.
             The game lasted 00:05:29 (2355 turns).

zeram the Magician (Spriggan Fire Elementalist)     Turns: 2355, Time: 00:05:30

HP:   -5/20 (21)    AC:  3    Str:  4    XL:     4   Next: 65%
MP:   11/11         EV: 18    Int: 17    God:
Gold: 108           SH:  0    Dex: 15    Spells: 11/12 levels left

rFire    . . .     SeeInvis +   b - +0 short sword (elec)
rCold    . . .     Faith    .   (shield restricted)
rNeg     . . .     Spirit   .   a - +0 robe
rPois    .         Reflect  .   (helmet restricted)
rElec    .         Harm     .   e - +0 cloak
rCorr    .         Rampage  .   (gloves unavailable)
Will     .....                  (boots unavailable)
Stlth    ++........             (no amulet)
HPRegen  0.06/turn              (no ring)
MPRegen  0.12/turn              (no ring)

@: lightly drained, very quick
A: very small, no large weapons, unfitting armour, see invisible, speed 3
a: no special abilities


You were on level 3 of the Dungeon.
You visited 1 branch of the dungeon, and saw 3 of its levels.

You collected 108 gold pieces.

Inventory:

Hand Weapons
 b - a +0 short sword of electrocution (weapon)
Missiles
 c - 53 stones
Armour
 a - a +0 robe (worn)
 e - a +0 cloak (worn)
Scrolls
 f - a scroll of blinking
Potions
 d - a potion of invisibility {unknown}


   Skills:
 - Level 0.2 Short Blades
 + Level 4.1 Dodging
 - Level 3.0 Stealth
 + Level 4.6 Spellcasting
 - Level 0.6 Conjurations
 - Level 3.0 Fire Magic


You had 11 spell levels left.
You knew the following spells:

 Your Spells              Type           Power      Damage    Failure   Level
a - Foxfire               Conj/Fire      40%        2x1d6     7%          1

Your spell library contained the following spells:

 Spells                   Type           Power      Damage    Failure   Level
 Animate Skeleton         Necr           6%         N/A       16%         1
 Pain                     Necr           12%        1d4       16%         1
 Conjure Flame            Conj/Fire      10%        6-21      22%         3
 Inner Flame              Hex/Fire       9%         N/A       24%         3
 Vampiric Draining        Necr           1%         2d6       41%         3
 Sticky Flame             Conj/Fire      10%        2d3       56%         4
 Fireball                 Conj/Fire      5%         3d5       89%         5


Dungeon Overview and Level Annotations

Branches:
Dungeon (3/15)

Altars:
Trog


Innate Abilities, Weirdness & Mutations

You are very small and have problems with some larger weapons.
You are too small for most types of armour.
You have supernaturally acute eyesight. (SInv)
You cover ground extremely quickly. (Speed+++)


Message History

The giant cockroach bites you.
You climb upwards.
There is a stone staircase leading down here.
Casting: Foxfire (safe; 7% risk of failure)
Confirm with . or Enter, or press ? or * to list all spells.
There is not enough space to conjure foxfire!
You are too injured to fight recklessly!
You are too injured to fight recklessly!
You are too injured to fight recklessly!
You are too injured to fight recklessly!
You closely miss the giant cockroach. The giant cockroach barely misses you.
You closely miss the giant cockroach.
The giant cockroach completely misses you.
You hit the giant cockroach.
The giant cockroach is moderately wounded.
The giant cockroach closely misses you. x2
You hit the giant cockroach.
Lightning courses through the giant cockroach!
You kill the giant cockroach!
You see here a giant cockroach corpse.
You start resting.
Magic restored.
You start resting.
HP restored.
(D) Dungeon
Where to? (Enter - D:3, ? - help)
You see here a giant cockroach corpse.
There is a stone staircase leading down here.
You climb downwards.
The wight hits you with a +0 mace. The wight hits you with a +0 mace!
Ouch! That really hurt!
* * * LOW HITPOINT WARNING * * *
The wight hits you with a +0 mace.
* * * LOW HITPOINT WARNING * * *
You feel drained.
* * * LOW HITPOINT WARNING * * *
There is a stone staircase leading up here.
Unknown command.
The wight misses you. The wight hits you with a +0 mace.
You die...

#.####.###############
#...##.....z$.....)..#
#...################.# #...#
######......# +...#
#...........# #####...####
#.####......#
##..........###.####......#
..........z..+......'.....>'
.##.#####..@z###.#.##......#
# #.z..###.#.##......#
#........#.##......+
#....###.#.##......# #....#
#.#.........# +.....
####....###.# #.###..
+.......<# ...
######....#.#.# #
.......รท......#


You could see 3 wights.

Vanquished Creatures
  A wight (D:3)
  Crazy Yiuf (D:2)
  2 dart slugs
  2 ball pythons
  6 endoplasms
  A giant cockroach (D:2)
  A goblin (D:1)
  3 hobgoblins
  4 jackals (D:1)
  A quokka (D:1)
  4 frilled lizards
  5 kobolds
  7 rats
38 creatures vanquished.

Vanquished Creatures (others)
  101 foxfires
101 creatures vanquished.

Grand Total: 139 creatures vanquished

Notes
Turn   | Place    | Note
-------+----------+-------------------------------------------
     0 | D:1      | zeram the Spriggan Fire Elementalist began the quest for
                  | the Orb.
     0 | D:1      | Reached XP level 1. HP: 9/9 MP: 5/5
   179 | D:1      | Reached XP level 2. HP: 8/13 MP: 4/7
   763 | D:1      | Reached XP level 3. HP: 16/16 MP: 6/8
  1124 | D:2      | Found a bloodstained altar of Trog.
  1238 | D:2      | Found a runed translucent door.
  1239 | D:2      | Noticed Crazy Yiuf
  1295 | D:2      | Found a faded altar of an unknown god.
  1652 | D:2      | Killed Crazy Yiuf
  1653 | D:2      | Reached XP level 4. HP: 21/21 MP: 7/11
  2354 | D:3      | HP: 1/20 [wight (1)]
  2355 | D:3      | Slain by a wight

Illustrated notes

Levels and vault maps discovered:
D:1:      minmay_arrival_diagonal_passages, layout_rooms
D:2:      layout_basic, basic_altar, ebering_ecumenical_altar_rust,
          uniq_crazy_yiuf_cottage
D:3:      layout_basic, uniq_ijyb

Skill      XL: |  1  2  3  4 |
---------------+-------------+-----
Spellcasting   | 3 4 |  4.6
Dodging        | 3 4 |  4.1
Fire Magic     | 3 |  3.0
Short Blades   | |  0.2
Stealth        | |  3.0
Conjurations   | |  0.6

Action                   |  1- 3 |  4- 6 || total
-------------------------+-------+-------++-------
Melee: Short sword       |    38 |    16 ||    54
       Unarmed           |     1 |       ||     1
 Cast: Foxfire           |    37 |    24 ||    61
  Use: Scroll            |     3 |       ||     3
 Stab: Sleeping          |     3 |     1 ||     4
Armor: Robe              |     1 |     2 ||     3
Dodge: Dodged            |    46 |    22 ||    68
